| TOP OF THE 1ST |
|
Bowling Green Hot Rods batting - Pitching for Beloit Snappers : LHP Sean Zech
|
|
Pitching: LHP Sean Zech
|
|
|
Batting: LHB Harris Vink
|
0-0: Ground out U3 (Groundball, 3, EV 81.9 MPH)
|
|
Batting: RHB Sesto Carpini
|
0-0: Fly out, F8 (Flyball, 8RS, EV 88.1 MPH)
|
|
Batting: RHB Isaiah Easter
|
0-0: Ball 1-0: Ground out 5-3 (Groundball, 56D, EV 95.6 MPH)
|
| Top of the 1st over - 0 runs, 0 hits, 0 errors, 0 left on base; Bowling Green 0 - Beloit 0 |
| BOTTOM OF THE 1ST |
|
Beloit Snappers batting - Pitching for Bowling Green Hot Rods : RHP Kyle Thomas
|
|
Pitching: RHP Kyle Thomas
|
|
|
Batting: LHB Angel Sanchez
|
0-0: Ball 1-0: Ball 2-0: Foul Ball, location: 2F 2-1: Called Strike 2-2: Strikes out swinging
|
|
Batting: LHB Larry Prey
|
0-0: Called Strike 0-1: Ball 1-1: Fly out, F7 (Flyball, 78S, EV 94.4 MPH)
|
|
Batting: RHB Tim Cordle
|
0-0: SINGLE (Line Drive, 8RS, EV 106.9 MPH)
|
|
Batting: LHB Henry Hutson
|
0-0: Called Strike 0-1: Fly out, F2 (Popup, 25F, EV 91.9 MPH)
|
| Bottom of the 1st over - 0 runs, 1 hit, 0 errors, 1 left on base; Bowling Green 0 - Beloit 0 |
| TOP OF THE 2ND |
|
Bowling Green Hot Rods batting - Pitching for Beloit Snappers : LHP Sean Zech
|
|
Batting: RHB Chris Thorson
|
0-0: Foul Ball, location: 2F 0-1: Swinging Strike 0-2: Strikes out looking
|
|
Batting: RHB Azedine Kirui
|
0-0: Called Strike 0-1: Ball 1-1: Called Strike 1-2: Strikes out swinging
|
|
Batting: RHB Dan Marks
|
0-0: Ball 1-0: Foul Ball, location: 2F 1-1: Foul Ball, location: 2F 1-2: Ball 2-2: Foul Ball, location: 2F 2-2: Strikes out swinging
|
| Top of the 2nd over - 0 runs, 0 hits, 0 errors, 0 left on base; Bowling Green 0 - Beloit 0 |
| BOTTOM OF THE 2ND |
|
Beloit Snappers batting - Pitching for Bowling Green Hot Rods : RHP Kyle Thomas
|
|
Batting: RHB Casey Nicita
|
0-0: Ball 1-0: Called Strike 1-1: SINGLE (Flyball, 8RS, EV 86.9 MPH)
|
|
Batting: SHB John Cummings
|
0-0: Ball 1-0: Ball 2-0: Called Strike 2-1: Called Strike 2-2: Strikes out swinging
|
|
Batting: RHB Larry Clark
|
Balk! Casey Nicita to second 0-0: Fly out, F8 (Flyball, 8RM, EV 76.2 MPH)
|
|
Batting: SHB Mike Jorgenson
|
0-0: Called Strike 0-1: Called Strike 0-2: Foul Ball, location: 2F 0-2: Strikes out looking
|
| Bottom of the 2nd over - 0 runs, 1 hit, 0 errors, 1 left on base; Bowling Green 0 - Beloit 0 |
| TOP OF THE 3RD |
|
Bowling Green Hot Rods batting - Pitching for Beloit Snappers : LHP Sean Zech
|
|
Batting: RHB Jose Arriola
|
0-0: Foul Ball, location: 2F 0-1: Foul Ball, location: 2F 0-2: Strikes out swinging
|
|
Batting: RHB Eric Waugaman
|
0-0: Fly out, F8 (Flyball, 8LXD, EV 105.0 MPH)
|
|
Batting: RHB Mick Corrigan
|
0-0: Ball 1-0: Foul Ball, location: 2F 1-1: Foul Ball, location: 2F 1-2: Foul Ball, location: 2F 1-2: Fly out, F8 (Flyball, 8RM, EV 75.6 MPH)
|
| Top of the 3rd over - 0 runs, 0 hits, 0 errors, 0 left on base; Bowling Green 0 - Beloit 0 |
| BOTTOM OF THE 3RD |
|
Beloit Snappers batting - Pitching for Bowling Green Hot Rods : RHP Kyle Thomas
|
|
Batting: RHB Hidetada Iba
|
0-0: Ball 1-0: Ball 2-0: Ball 3-0: Called Strike 3-1: Foul Ball, location: 2F 3-2: Strikes out swinging
|
|
Batting: LHB Angel Sanchez
|
0-0: Ground out 6-3 (Groundball, 6M, EV 86.9 MPH)
|
|
Batting: LHB Larry Prey
|
0-0: Fly out, F8 (Flyball, 8LD, EV 95.6 MPH)
|
| Bottom of the 3rd over - 0 runs, 0 hits, 0 errors, 0 left on base; Bowling Green 0 - Beloit 0 |
| TOP OF THE 4TH |
|
Bowling Green Hot Rods batting - Pitching for Beloit Snappers : LHP Sean Zech
|
|
Batting: LHB Harris Vink
|
0-0: SINGLE (Groundball, 34D, EV 95.6 MPH)
|
|
Batting: RHB Sesto Carpini
|
0-0: Foul Ball, location: 2F 0-1: Swinging Strike 0-2: Foul Ball, location: 2F 0-2: Ball 1-2: Foul Ball, location: 2F 1-2: Strikes out swinging
|
|
Batting: RHB Isaiah Easter
|
0-0: Ball 1-0: Ball 2-0: Foul Ball, location: 2F 2-1: SINGLE (Groundball, 6S, EV 74.4 MPH) (infield hit) Harris Vink to second
|
|
Batting: RHB Chris Thorson
|
0-0: DOUBLE (Flyball, 78XD, EV 109.4 MPH) Harris Vink scores Isaiah Easter to third Runner from 3rd tries for Home, SAFE, no throw by LF
|
|
Batting: RHB Azedine Kirui
|
0-0: Ball 1-0: Ball 2-0: Fly out, F7 (Flyball, 7LM, EV 100.6 MPH)
|
|
Batting: RHB Dan Marks
|
0-0: Swinging Strike 0-1: Foul Ball, location: 2F 0-2: Strikes out swinging
|
| Top of the 4th over - 2 runs, 3 hits, 0 errors, 1 left on base; Bowling Green 2 - Beloit 0 |
| BOTTOM OF THE 4TH |
|
Beloit Snappers batting - Pitching for Bowling Green Hot Rods : RHP Kyle Thomas
|
|
Batting: RHB Tim Cordle
|
0-0: SINGLE (Flyball, 8RS, EV 96.9 MPH)
|
|
Batting: LHB Henry Hutson
|
0-0: Called Strike 0-1: Ball 1-1: Ball 2-1: 2-RUN HOME RUN (Flyball, 9LD, EV 91.9 MPH), Distance : 332 ft
|
|
Batting: RHB Casey Nicita
|
0-0: Called Strike 0-1: Ground out 5-3 (Groundball, 5S, EV 82.5 MPH)
|
|
Batting: SHB John Cummings
|
0-0: Swinging Strike 0-1: Foul Ball, location: 2F 0-2: Ball 1-2: Foul Ball, location: 2F 1-2: Strikes out swinging
|
|
Batting: RHB Larry Clark
|
0-0: Fly out, F7 (Flyball, 78S, EV 88.8 MPH)
|
| Bottom of the 4th over - 2 runs, 2 hits, 0 errors, 0 left on base; Bowling Green 2 - Beloit 2 |
| TOP OF THE 5TH |
|
Bowling Green Hot Rods batting - Pitching for Beloit Snappers : LHP Sean Zech
|
|
Batting: RHB Jose Arriola
|
0-0: Foul Ball, location: 2F 0-1: Ball 1-1: Foul Ball, location: 2F 1-2: SINGLE (Groundball, 56S, EV 98.8 MPH)
|
|
Batting: RHB Eric Waugaman
|
0-0: Ball Jose Arriola steals 2nd base 1-0: Called Strike 1-1: Swinging Strike 1-2: Strikes out swinging
|
|
Batting: RHB Mick Corrigan
|
0-0: Ball 1-0: Foul Ball, location: 2F 1-1: Fly out, F9 (Line Drive, 9, EV 93.1 MPH)
|
|
Batting: LHB Harris Vink
|
0-0: SINGLE (Flyball, 8LS, EV 93.8 MPH) Jose Arriola to third Runner from 3rd tries for Home, SAFE, throw by CF to home
|
|
Batting: RHB Sesto Carpini
|
0-0: Ball 1-0: Foul Ball, location: 2F 1-1: Swinging Strike 1-2: Foul Ball, location: 2F 1-2: Fielders Choice at 2nd, 5-4 (Groundball, 56, EV 81.9 MPH)
|
| Top of the 5th over - 1 run, 2 hits, 0 errors, 1 left on base; Bowling Green 3 - Beloit 2 |
| BOTTOM OF THE 5TH |
|
Beloit Snappers batting - Pitching for Bowling Green Hot Rods : RHP Kyle Thomas
|
|
Batting: SHB Mike Jorgenson
|
0-0: Foul Ball, location: 2F 0-1: Ball 1-1: Foul Ball, location: 2F 1-2: TRIPLE (Line Drive, 89XD, EV 105.6 MPH)
|
|
Batting: RHB Hidetada Iba
|
0-0: Called Strike 0-1: Called Strike 0-2: Ground out 6-3 (Groundball, 6, EV 108.1 MPH) Mike Jorgenson scores
|
|
Batting: LHB Angel Sanchez
|
0-0: Called Strike 0-1: Foul Ball, location: 2F 0-2: Ball 1-2: Foul Ball, location: 2F 1-2: Ball 2-2: Ball 3-2: SINGLE (Line Drive, 78S, EV 112.5 MPH)
|
|
Batting: LHB Larry Prey
|
0-0: Called Strike 0-1: Swinging Strike 0-2: Ball 1-2: Ball 2-2: Foul Ball, location: 2F 2-2: Foul Ball, location: 2F 2-2: Strikes out swinging
|
|
Batting: RHB Tim Cordle
|
0-0: Called Strike Angel Sanchez steals 2nd base 0-1: Ball 1-1: Fly out, F7 (Flyball, 78D, EV 80.0 MPH)
|
| Bottom of the 5th over - 1 run, 2 hits, 0 errors, 1 left on base; Bowling Green 3 - Beloit 3 |
| TOP OF THE 6TH |
|
Bowling Green Hot Rods batting - Pitching for Beloit Snappers : LHP Sean Zech
|
|
Batting: RHB Isaiah Easter
|
0-0: Called Strike 0-1: Ball 1-1: Called Strike 1-2: Ground out 6-3 (Groundball, 6, EV 82.5 MPH)
|
|
Batting: RHB Chris Thorson
|
0-0: Ground out 4-3 (Groundball, 4, EV 84.4 MPH)
|
|
Batting: RHB Azedine Kirui
|
0-0: Ball 1-0: Called Strike 1-1: Foul Ball, location: 2F 1-2: Ball 2-2: Ground out 6-3 (Groundball, 6, EV 86.9 MPH)
|
| Top of the 6th over - 0 runs, 0 hits, 0 errors, 0 left on base; Bowling Green 3 - Beloit 3 |
| BOTTOM OF THE 6TH |
|
Beloit Snappers batting - Pitching for Bowling Green Hot Rods : RHP Kyle Thomas
|
|
Batting: LHB Henry Hutson
|
0-0: Ball 1-0: Ball 2-0: Called Strike 2-1: Swinging Strike 2-2: Ground out 6-3 (Groundball, 6, EV 90.6 MPH)
|
|
Batting: RHB Casey Nicita
|
0-0: Ball 1-0: SINGLE (Line Drive, 8LS, EV 113.8 MPH)
|
|
Batting: SHB John Cummings
|
0-0: Ball 1-0: Ball 2-0: Ball 3-0: Called Strike 3-1: Base on Balls Casey Nicita to second
|
|
Batting: RHB Larry Clark
|
0-0: Fielders Choice at 2nd, 4-6 (Groundball, 4M, EV 83.8 MPH) Casey Nicita to third
|
|
Batting: SHB Mike Jorgenson
|
0-0: Ball 1-0: Called Strike 1-1: Ball 2-1: Foul Ball, location: 2F 2-2: Fly out, F7 (Flyball, 78S, EV 76.2 MPH)
|
| Bottom of the 6th over - 0 runs, 1 hit, 0 errors, 2 left on base; Bowling Green 3 - Beloit 3 |
| TOP OF THE 7TH |
|
Bowling Green Hot Rods batting - Pitching for Beloit Snappers : LHP Sean Zech
|
|
Batting: RHB Dan Marks
|
0-0: Ground out 6-3 (Groundball, 6M, EV 107.5 MPH)
|
|
Batting: RHB Jose Arriola
|
0-0: Called Strike 0-1: Foul Ball, location: 2F 0-2: Ball 1-2: Fly out, F8 (Flyball, 8LXD, EV 91.2 MPH)
|
|
Batting: RHB Eric Waugaman
|
0-0: Ball 1-0: Ball 2-0: Swinging Strike 2-1: Ball 3-1: Ground out 5-3 (Groundball, 56, EV 86.2 MPH)
|
| Top of the 7th over - 0 runs, 0 hits, 0 errors, 0 left on base; Bowling Green 3 - Beloit 3 |
| BOTTOM OF THE 7TH |
|
Beloit Snappers batting - Pitching for Bowling Green Hot Rods : RHP Kyle Thomas
|
|
Batting: RHB Hidetada Iba
|
0-0: Ball 1-0: Called Strike 1-1: Foul Ball, location: 2F 1-2: Foul Ball, location: 2F 1-2: Hit by Pitch
|
|
Batting: LHB Angel Sanchez
|
0-0: Swinging Strike 0-1: Foul Ball, location: 2F 0-2: Strikes out swinging
|
|
Batting: LHB Larry Prey
|
0-0: Called Strike 0-1: Foul Ball, location: 2F 0-2: Ball 1-2: Ball 2-2: Ball 3-2: SINGLE (Flyball, 9S, EV 88.1 MPH) Hidetada Iba to second Runner from 2nd tries for 3rd, SAFE, throw by RF made to third
|
|
Pitching: RHP Nate Russano
|
|
|
Batting: RHB Tim Cordle
|
0-0: Foul Ball, location: 2F 0-1: Ball 1-1: Ball 2-1: DOUBLE (Line Drive, 9LM, EV 93.8 MPH) Hidetada Iba scores Larry Prey to third
|
|
Pitching: LHP Parker Martinet
|
|
|
Batting: LHB Henry Hutson
|
0-0: Ball 1-0: Foul Ball, location: 2F 1-1: Called Strike 1-2: Ball 2-2: Ball 3-2: Strikes out looking
|
|
Batting: RHB Casey Nicita
|
0-0: Foul Ball, location: 2F 0-1: Ball 1-1: Foul Ball, location: 2F 1-2: SINGLE (Groundball, P, EV 91.9 MPH) (infield hit) Larry Prey scores Tim Cordle to third
|
|
Batting: SHB John Cummings
|
0-0: Ball 1-0: Called Strike 1-1: Ball 2-1: Swinging Strike 2-2: Ball 3-2: Strikes out looking
|
| Bottom of the 7th over - 2 runs, 3 hits, 0 errors, 2 left on base; Bowling Green 3 - Beloit 5 |
| TOP OF THE 8TH |
|
Bowling Green Hot Rods batting - Pitching for Beloit Snappers : LHP Sean Zech
|
|
Batting: RHB Mick Corrigan
|
0-0: Swinging Strike 0-1: Ball 1-1: Foul Ball, location: 2F 1-2: Ball 2-2: Foul Ball, location: 2F 2-2: Strikes out looking
|
|
Batting: LHB Harris Vink
|
0-0: Ball 1-0: Foul Ball, location: 2F 1-1: Ball 2-1: Ball 3-1: Called Strike 3-2: Foul Ball, location: 2F 3-2: Strikes out swinging
|
|
Batting: RHB Sesto Carpini
|
0-0: Called Strike 0-1: Foul Ball, location: 2F 0-2: Fly out, F4 (Popup, 34S, EV 83.8 MPH)
|
| Top of the 8th over - 0 runs, 0 hits, 0 errors, 0 left on base; Bowling Green 3 - Beloit 5 |
| BOTTOM OF THE 8TH |
|
Beloit Snappers batting - Pitching for Bowling Green Hot Rods : LHP Parker Martinet
|
|
Pitching: LHP Tim Pulliam
|
|
|
Batting: RHB Larry Clark
|
0-0: Ball 1-0: TRIPLE (Flyball, 78XD, EV 99.4 MPH)
|
|
Batting: SHB Mike Jorgenson
|
0-0: Swinging Strike 0-1: Ball 1-1: Called Strike 1-2: Foul Ball, location: 2F 1-2: Ball 2-2: Strikes out swinging
|
|
Batting: RHB Hidetada Iba
|
0-0: Foul Ball, location: 2F 0-1: Called Strike 0-2: Strikes out swinging
|
|
Batting: LHB Angel Sanchez
|
0-0: Called Strike 0-1: Ball 1-1: Swinging Strike 1-2: Ball 2-2: Ground out 1-3 (Groundball, 13S, EV 72.5 MPH)
|
| Bottom of the 8th over - 0 runs, 1 hit, 0 errors, 1 left on base; Bowling Green 3 - Beloit 5 |
| TOP OF THE 9TH |
|
Bowling Green Hot Rods batting - Pitching for Beloit Snappers : LHP Sean Zech
|
|
Pitching: RHP Alec Bassett
|
|
|
Batting: RHB Isaiah Easter
|
0-0: Fly out, F9 (Flyball, 89S, EV 77.5 MPH)
|
|
Batting: RHB Chris Thorson
|
0-0: Fly out, F8 (Flyball, 8RD, EV 78.8 MPH)
|
|
Batting: RHB Azedine Kirui
|
0-0: Foul Ball, location: 2F 0-1: Fly out, F3 (Popup, 3SF, EV 83.8 MPH)
|
| Top of the 9th over - 0 runs, 0 hits, 0 errors, 0 left on base; Bowling Green 3 - Beloit 5 |
|